 Dungeon Crawl Stone Soup version 0.29-a0-330-g52719c12eb (webtiles) character file.

Game seed: 4039762563682289885

63 Ajdolov the Ruffian (level 4, -4/38 HPs)
             Began as a Ghoul Warper on Apr 23, 2022.
             Killed from afar by Sigmund (6 damage)
             ... with a puff of flame
             ... on level 2 of the Dungeon.
             The game lasted 00:04:33 (1438 turns).

Ajdolov the Ruffian (Ghoul Warper)                  Turns: 1438, Time: 00:04:34

Health: -4/38      AC:  8    Str: 16    XL:     4   Next: 10%
Magic:  5/5        EV:  9    Int:  8    God:
Gold:   54         SH:  0    Dex:  8    Spells: 4/6 levels left

rFire   . . .      SeeInvis .     - Unarmed
rCold   + . .      Faith    .   (no shield)
rNeg    + + +      Spirit   .   g - +0 scale mail
rPois   ∞          Reflect  .   i - +0 helmet
rElec   .          Harm     .   (no cloak)
rCorr   .          Rampage  .   (no gloves)
Will    .....                   d - +0 pair of boots
Stlth   ..........              (no amulet)
HPRegen 0.00/turn               (no ring)
MPRegen 0.09/turn               (no ring)

@: inhibited regen
A: claws 1, cold resistance 1, negative energy resistance 3, inhibited
regeneration, torment resistance 2, devour on kill
a: no special abilities


You were on level 2 of the Dungeon.
You visited 1 branch of the dungeon, and saw 2 of its levels.

You collected 54 gold pieces.

Inventory:

Missiles
 c - 5 boomerangs of dispersal (quivered)
Armour
 d - a +0 pair of boots (worn)
 g - a +0 scale mail (worn)
 i - a +0 helmet (worn)
Scrolls
 b - a scroll of blinking
 f - 2 scrolls of identify {unknown}
 h - a scroll of amnesia {unknown}
Potions
 e - a potion of heal wounds {unknown}
 j - a potion of ambrosia {unknown}


   Skills:
 + Level 3.1 Fighting
 - Level 0.8 Throwing
 - Level 0.8 Armour
 - Level 1.7 Dodging
 * Level 4.1 Unarmed Combat
 - Level 1.7 Spellcasting
 - Level 2.6 Translocations


You had 4 spell levels left.
You knew the following spells:

 Your Spells              Type           Power      Damage    Failure   Level
a - Blink                 Tloc           10%        N/A       56%         2

Your spell library contained the following spells:

 Spells                   Type           Power      Damage    Failure   Level
 Magic Dart               Conj           0%         1d3       80%         1
 Gell's Gravitas          Tloc           5%         N/A       80%         3
 Lesser Beckoning         Tloc           5%         N/A       80%         3
 Teleport Other           Tloc           5%         N/A       80%         3
 Corpse Rot               Necr/Air       0%         N/A       91%         2
 Poisonous Vapours        Pois/Air       0%         N/A       91%         2
 Searing Ray              Conj           0%         2d4       91%         2
 Fulminant Prism          Conj/Hex       0%         3d6       100%        4
 Manifold Assault         Tloc           5%         N/A       100%        5


Dungeon Overview and Level Annotations

Branches:
Dungeon (2/15)

Altars:

Shops:
D:2 [:

Annotations:
D:2 Sigmund


Innate Abilities, Weirdness & Mutations

You are immune to poison.
You have sharp fingernails.
Your flesh is cold resistant. (rC+)
You are immune to negative energy. (rN+++)
You do not regenerate when monsters are visible.
You are immune to unholy pain and torment.
You thrive by killing the living.


Message History

Sigmund hits you with a +3 scythe of protection!
You closely miss Sigmund. Sigmund barely misses you.
You scratch Sigmund but do no damage. You scratch Sigmund.
Your claw misses Sigmund.
Sigmund is lightly wounded.
Sigmund casts a spell at you.
You are confused.
You bump into the rock wall.
Sigmund points at you and mumbles some strange words.
The magic dart hits you!
You scratch Sigmund.
Sigmund is moderately wounded.
Sigmund hits you but does no damage.
You barely miss Sigmund.
Sigmund is moderately wounded.
Sigmund attacks as you move away! Sigmund barely misses you.
Found a scroll labelled FOLLUE XOTSUER.
Sigmund hits you from afar with a +3 scythe of protection!
* * * LOW HITPOINT WARNING * * *
Non-targeted confused throw: 7 boomerangs (disperse)
Press: ? - help, Q - select action Dir - look around, f - activate Look: Sigmund, wielding a +3 scythe of protection and wearing a +0 robe (moderately wounded)
You throw a boomerang of dispersal.
Sigmund hits you from afar with a +3 scythe of protection!
* * * LOW HITPOINT WARNING * * *
Non-targeted confused throw: 6 boomerangs (disperse)
Press: ? - help, Q - select action Dir - look around, f - activate
Okay, then.
Non-targeted confused throw: 6 boomerangs (disperse)
Press: ? - help, Q - select action Dir - look around, f - activate Look: Sigmund, wielding a +3 scythe of protection and wearing a +0 robe (moderately wounded)
You throw a boomerang of dispersal.
You feel less confused.
Sigmund casts a spell.
Sigmund flickers and vanishes!
Deactivating autopickup; reactivate with Ctrl-A.
Something tries to affect you, but you resist.
A puff of flame appears from out of thin air!
The puff of flame hits you.
You die...

# .# ####### #.##
####.....##...##.#
#....{....@.......
#.##.###.##?..##.#
# #.# #.# ...# #>#
#.. .#... . . #.#
####...##.. .#.
#.# #. # # ... #.#
.. #.# #.# ##
#.#######.#######


There were no monsters in sight!

Vanquished Creatures
  Robin (D:2)
  7 endoplasms (D:1)
  2 giant cockroaches (D:1)
  10 goblins
  8 hobgoblins
  4 jackals (D:2)
  4 ball pythons
  6 bats
  2 kobolds (D:1)
44 creatures vanquished.

Notes
Turn   | Place    | Note
-------+----------+-------------------------------------------
     0 | D:1      | Ajdolov the Ghoul Warper began the quest for the Orb.
     0 | D:1      | Reached XP level 1. HP: 17/17 MP: 2/2
   151 | D:1      | Reached XP level 2. HP: 25/25 MP: 3/3
   268 | D:1      | Reached skill level 3 in Unarmed Combat
   675 | D:1      | Reached XP level 3. HP: 30/30 MP: 4/4
   678 | D:1      | Learned a level 2 spell: Blink
   957 | D:2      | Found Vanwyzur's Book Boutique.
  1063 | D:2      | Noticed Robin
  1101 | D:2      | Killed Robin
  1297 | D:2      | Reached skill level 4 in Unarmed Combat
  1302 | D:2      | Reached XP level 4. HP: 38/38 MP: 5/5
  1316 | D:2      | Found Peurrich's Armour Shop.
  1421 | D:2      | Noticed Sigmund
  1438 | D:2      | Killed from afar by Sigmund

Illustrated notes

Levels and vault maps discovered:
D:1:      nagdon_arrival_zigzag_paths, layout_loops_ring, corexii_corridor_pit
D:2:      layout_loops_ring, serial_shops, nicolae_shop_crystal,
          nicolae_shop_hallway_plus, nicolae_shop_stone, shop,
          nicolae_shop_hallway_stairs, uniq_robin, uniq_sigmund

Skill      XL: |  1  2  3 |
---------------+----------+-----
Unarmed Combat | 3 4 |  4.1
Fighting       | 3 |  3.1
Throwing       | |  0.8
Armour         | |  0.8
Dodging        | |  1.7
Spellcasting   | |  1.7
Translocations | |  2.6

Action                   |  1- 3 |  4- 6 || total
-------------------------+-------+-------++-------
Melee: Unarmed           |   160 |    23 ||   183
Throw: Boomerang         |       |     2 ||     2
Armor: Leather armour    |    31 |       ||    31
       Scale mail        |    42 |     8 ||    50
Dodge: Dodged            |    92 |     9 ||   101

Table legend: (Time is in decaauts)
 A = Elapsed time spent in this place.
 B = Non-inter-level travel time spent in this place.
 C = Inter-level travel time spent in this place.
 D = Time resting spent in this place.
 E = Time spent auto-exploring this place.
 F = Levels seen in this place.
 G = Mean time per level.
                   A        B        C        D        E       F      G
               +--------+--------+--------+--------+--------+-----+--------+
         Total |   1426 |   1393 |     33 |      0 |   1034 |   2 |  713.0 |
       Dungeon |   1426 |   1393 |     33 |      0 |   1034 |   2 |  713.0 |
               +--------+--------+--------+--------+--------+-----+--------+

Top non-repeatable levels by time:
     D:1: 952 daAuts
     D:2: 474 daAuts
